Map: Automaton LE

Players

Denver - Winner!

  • Race: Zerg Zerg
  • League: Master
  • Spawn Location: 3:00

HellraiseR

  • Race: Protoss Protoss
  • League: Master
  • Spawn Location: 9:00

Event: 2019 WCS Winter Europe

VOD

Have the link to the VOD?

Description

Time

  • Played on: Feb. 3, 2019, 10:23 a.m.
  • Length: 9:24

All games in this series

Show
View Real Time Build Order
Export as new Build Order

Denver Zerg - Winner!

Build Orders: Hatch First 

Get SALT Encoding   

  12  0:00  Drone  
  13  0:12  Overlord  
  13  0:17  Drone  
  14  0:31  Drone x2  
  16  0:49  Hatchery  
  15  0:52  Drone  
  15  0:56  Drone  
  17  0:59  Drone  
  18  1:12  Extractor  
  18  1:16  Spawning Pool  
  16  1:20  Drone  
  16  1:23  Drone  
  18  1:30  Drone  
  19  1:40  Drone  
  20  1:50  Drone  
  21  2:02  Queen x2  
  21  2:03  Zergling x4  
  27  2:11  Overlord  
  27  2:16  Metabolic Boost  
  27  2:17  Drone  
  28  2:29  Drone  
  30  2:30  Drone  
  30  2:32  Drone  
  31  2:42  Hatchery  
  30  2:45  Drone  
  30  2:47  Drone  
  32  2:53  Overlord  
  32  2:56  Drone  
  32  2:57  Drone  
  34  3:03  Queen  
  36  3:09  Overlord  
  36  3:12  Drone  
  37  3:13  Drone  
  37  3:15  Drone  
  37  3:17  Drone  
  40  3:20  Overlord  
  40  3:24  Drone  
  41  3:28  Overlord  
  41  3:31  Drone  
  42  3:37  Queen  
  42  3:40  Drone  
  45  3:42  Queen  
  45  3:47  Spore Crawler  
  46  3:49  Spore Crawler  
  46  3:51  Drone x2  
  46  3:52  Drone  
  46  3:55  Drone  
  49  3:58  Drone  
  49  3:59  Drone  
  51  4:03  Drone  
  51  4:06  Drone x2  
  54  4:10  Spore Crawler, Overlord  
  53  4:17  Drone x4  
  53  4:22  Roach Warren  
  56  4:27  Overlord  
  56  4:30  Lair  
  56  4:31  Extractor  
  56  4:33  Extractor  
  56  4:36  Drone  
  56  4:37  Drone x3  
  56  4:38  Drone  
  59  4:41  Drone x2  
  61  4:47  Drone x2  
  61  4:51  Overlord, Drone x3  
  66  4:56  Evolution Chamber  
  66  4:58  Drone  
  66  4:59  Overlord  
  66  5:02  Drone x2  
  66  5:03  Roach x2  
  66  5:05  Roach  
  74  5:10  Overlord  
  74  5:13  Extractor  
  73  5:14  Overlord  
  73  5:17  Roach x3  
  79  5:21  Zerg Missile Weapons Level 1  
  79  5:23  Roach x2  
  79  5:24  Roach  
  79  5:26  Zergling x2  
  79  5:28  Roach  
  88  5:35  Roach x3  
  94  5:36  Overlord  
  94  5:38  Zergling x2  
  94  5:39  Overlord  
  94  5:44  Drone x2  
  96  5:52  Drone x5  
  96  5:53  Overlord  
  96  5:54  Drone  
  96  5:55  Baneling Nest  
  100  5:58  Roach  
  100  6:01  Overseer  
  100  6:02  Glial Reconstitution  
  102  6:06  Drone x5  
  102  6:08  Overlord  
  102  6:10  Extractor  
  106  6:13  Roach x2  
  110  6:19  Extractor  
  110  6:21  Roach x4  
  110  6:22  Roach  
  116  6:30  Roach x5  
  124  6:36  Drone x4  
  124  6:38  Centrifical Hooks  
  128  6:43  Overlord  
  128  6:45  Overlord  
  128  6:48  Ravager  
  128  6:53  Hatchery  
  127  6:56  Drone  
  127  6:57  Drone x3  
  127  6:59  Overlord  
  131  7:02  Roach  
  131  7:03  Roach  
  131  7:06  Zergling x6  
  137  7:09  Zergling x4  
  137  7:13  Zergling x8  
  142  7:20  Zergling x4  
  144  7:25  Zergling x2  
  144  7:26  Zergling x6  
  144  7:27  Baneling x6  
  144  7:29  Baneling x4  
  153  7:30  Ravager x6  
  153  7:31  Overlord  
  152  7:39  Zergling x12  
  152  7:40  Zergling x2  
  150  7:46  Roach x3  
  154  7:57  Zergling x10  
  151  8:05  Zergling x14  
  152  8:13  Spire  
  148  8:21  Roach x4  
  148  8:24  Hatchery  
  148  8:25  Ravager  
  156  8:28  Drone x4  
  156  8:32  Baneling  
  156  8:33  Baneling x7  
  156  8:34  Overlord  
  160  8:35  Zergling x6  
  160  8:39  Overlord  
  163  8:43  Zergling x6  
  163  8:46  Baneling x7  
  160  9:00  Zergling x24  
Show
View Real Time Build Order
Export as new Build Order

HellraiseR Protoss 

Build Orders: 1 Gate Expand, Oracle Opening, Phoenix Opening, Archon Immortal, Archon Drop 

Get SALT Encoding   

  12  0:00  Probe  
  13  0:12  Probe  
  14  0:19  Pylon  
  14  0:22  Probe  
  15  0:33  Probe  
  15  0:39  Gateway  
  16  0:43  Probe  
  16  0:48  Assimilator  
  17  0:55  Probe  
  18  1:07  Probe  
  19  1:22  Nexus  
  20  1:25  Probe  
  20  1:36  Cybernetics Core  
  20  1:39  Probe  
  21  1:45  Assimilator  
  21  1:51  Probe  
  21  1:53  Pylon  
  22  2:00  Probe  
  22  2:02  Adept  
  22  2:08  Probe  
  26  2:17  Probe  
  27  2:24  Stargate  
  27  2:29  Probe  
  28  2:30  Probe  
  28  2:32  Adept  
  31  2:38  Warp Gate  
  31  2:39  Probe  
  31  2:42  Probe  
  33  2:49  Probe  
  34  2:54  Probe  
  35  3:00  Phoenix  
  35  3:01  Probe  
  35  3:02  Gateway  
  36  3:06  Probe  
  39  3:13  Probe  
  39  3:16  Oracle  
  39  3:18  Probe, Pylon  
  41  3:25  Probe  
  45  3:30  Probe  
  45  3:31  Assimilator  
  46  3:37  Probe  
  46  3:38  Assimilator  
  47  3:42  Probe  
  47  3:48  Robotics Facility  
  48  3:49  Probe  
  48  3:54  Probe  
  50  4:00  Twilight Council  
  50  4:01  Probe  
  51  4:05  Pylon  
  51  4:06  Probe  
  52  4:13  Gateway  
  52  4:14  Probe  
  53  4:17  Gateway  
  53  4:18  Probe  
  54  4:25  Warp Prism  
  54  4:27  Zealot  
  54  4:28  Zealot  
  57  4:35  Pylon  
  58  4:41  Templar Archives  
  58  4:44  Probe x2  
  60  4:49  Stalker  
  62  5:01  Nexus  
  62  5:06  Pylon  
  62  5:10  Probe x2  
  62  5:11  Pylon  
  64  5:18  Forge  
  64  5:22  Protoss Ground Weapons Level 1, Probe x2  
  64  5:25  High Templar x2  
  64  5:26  High Templar x2  
  64  5:27  Immortal  
  74  5:29  Archon  
  74  5:30  Pylon, Archon  
  74  5:40  Probe  
  74  5:41  Probe  
  80  5:47  Gateway  
  80  5:54  Gateway  
  80  5:58  Gateway  
  80  5:59  Charge  
  80  6:03  Immortal  
  80  6:07  Gateway  
  80  6:17  Probe  
  85  6:18  Probe  
  85  6:20  Probe  
  87  6:28  Gateway  
  87  6:29  Gateway  
  87  6:31  High Templar x2  
  91  6:35  Zealot, Sentry, Observer  
  91  6:36  Archon  
  95  6:41  Pylon  
  95  6:43  Pylon  
  95  6:45  Zealot  
  98  6:48  Zealot  
  98  6:51  Pylon  
  98  6:53  Zealot  
  102  6:57  Zealot  
  102  6:58  Zealot  
  102  7:00  Probe x2  
  109  7:01  Probe  
  109  7:07  Zealot x2, Protoss Ground Weapons Level 2  
  113  7:13  Probe  
  114  7:29  Zealot  
  116  7:30  Zealot x7  
  116  7:32  Zealot  
  126  7:50  Immortal  
  120  7:57  Probe  
  99  8:00  Probe  
  99  8:03  Probe  
  97  8:09  Assimilator  
  97  8:10  Probe  
  97  8:12  High Templar x3, Probe  
  94  8:13  Zealot, Assimilator, High Templar, Sentry  
  94  8:14  Zealot x4  
  94  8:19  Archon x2  
  109  8:20  Probe  
  109  8:22  Probe  
  111  8:34  Zealot x5  
  121  8:39  Immortal  
  125  8:52  Zealot  
  125  8:53  Zealot x3  
  133  8:59  Zealot x2  
  129  9:07  Probe  
  129  9:08  Zealot x3  
  104  9:10  Probe  
Tags
 
Add a new tag
Caveats
  • Supply blocks, unpowered buildings, or Contaminate may cause inaccurate times.
  • Supply counts are checked every 10 seconds.